 Dungeon Crawl Stone Soup version 0.19-a0-1827-g174f941 (webtiles) character file.

176 Theye the Slasher (level 5, -3/36 HPs)
             Began as a High Elf Fighter on Oct 7, 2016.
             Slain by an ogre
             ... wielding a cursed +0 giant club
              (23 damage)
             ... on level 6 of the Dungeon.
             The game lasted 00:04:18 (2771 turns).

Theye the Slasher (High Elf Fighter)                Turns: 2771, Time: 00:04:19

Health: -3/36      AC:  6    Str: 16      XL:     5   Next: 30%
Magic:  7/7        EV:  9    Int: 10 (11) God:
Gold:   100        SH:  9    Dex: 15      Spells: 1 memorised, 4 levels left

rFire  . . .     SeeInvis .     a - +0 long sword
rCold  . . .     Gourm    .     b - +0 scale mail
rNeg   . . .     Faith    .     c - +0 shield
rPois  .         Spirit   .     (no helmet)
rElec  .         Dismiss  .     (no cloak)
rCorr  .         Reflect  .     (no gloves)
MR     .....     Harm     .     (no boots)
Stlth  ..........               (no amulet)
                                (no ring)
                                i - +2 ring of evasion

@: lethally poisoned (-3 -> -5)
A: no striking features
a: no special abilities


You were on level 6 of the Dungeon.
You were not hungry.

You visited 1 branch of the dungeon, and saw 4 of its levels.

You collected 100 gold pieces.

Inventory:

Hand Weapons
 a - a +0 long sword (weapon)
Armour
 b - a +0 scale mail (worn)
 c - a +0 shield (worn)
 k - a +0 chain mail
Jewellery
 i - a +2 ring of evasion (left hand)
Wands
 p - a wand of random effects (36/48)
Scrolls
 e - 2 scrolls of identify
 g - a scroll of random uselessness
 h - 2 scrolls of noise
 j - a scroll of immolation
 l - a scroll of remove curse
Books
 m - a book of Minor Magic

   Spells                             Type                      Level
   a - Magic Dart                     Conjuration                  1
   b - Blink                          Translocation                2
   c - Call Imp                       Summoning                    2
   d - Repel Missiles                 Charms/Air                   2
   e - Slow                           Hexes                        2
   f - Conjure Flame                  Conjuration/Fire             3
   g - Mephitic Cloud                 Conjuration/Poison/Air       3
Comestibles
 f - 5 bread rations
 n - 3 fruits


   Skills:
 + Level 3.4 Fighting
 * Level 5.6 Long Blades
 + Level 3.1 Armour
 + Level 0.4 Dodging
 - Level 2.6 Shields
 * Level 1.2 Spellcasting
 * Level 0.8 Air Magic


You had 4 spell levels left.
You knew the following spells:

 Your Spells              Type           Power        Failure   Level  Hunger
a - Repel Missiles        Chrm/Air       #.....       100%        2    ###....


Dungeon Overview and Level Annotations

Branches:
Dungeon (3/15)

Altars:
Gozag
Nemelex Xobeh


Message History

You feel sick. The ogre hits you with a giant club!
* * * LOW HITPOINT WARNING * * *
You are too injured to fight recklessly!
You are too injured to fight recklessly!
You are too injured to fight recklessly!
You feel much better. The ogre hits you with a giant club!
You hit the ogre.
The ogre is heavily wounded.
You feel sick. You block the ogre's attack.
You hit the ogre.
The ogre is severely wounded.
You block the ogre's attack.
You hit the ogre.
The ogre is almost dead.
You feel sick. You block the ogre's attack.
You hit the ogre.
The ogre is almost dead.
The ogre hits you with a giant club!!
Ouch! That really hurt!
You die...

########### #####
#.........# #....
#.........#
###....##.........#
.......@OZ........#
#####.###[.$......#
# #.........#
#.........#
#..........
#...#..>..#
..........#
............


You could see an ogre and a quokka skeleton.

Vanquished Creatures
  An orc priest (D:3)
  A worker ant (D:6)
  3 adders
  3 gnolls
  A worm (D:2)
  6 leopard geckos
  2 orcs (D:3)
  2 giant cockroaches (D:2)
  9 goblins
  7 hobgoblins
  2 jackals (D:2)
  2 quokkas
  3 ball pythons
  2 bats
  5 frilled lizards
  5 kobolds
  5 rats
59 creatures vanquished.

Notes
Turn   | Place    | Note
-------+----------+-------------------------------------------
     0 | D:1      | Theye the High Elf Fighter began the quest for the Orb.
     0 | D:1      | Reached XP level 1. HP: 16/16 MP: 2/2
   261 | D:1      | Reached skill level 3 in Long Blades
   261 | D:1      | Reached XP level 2. HP: 20/21 MP: 3/3
   878 | D:2      | Found an opulent altar of Gozag.
   882 | D:2      | Reached XP level 3. HP: 26/26 MP: 4/4
   968 | D:2      | Learned a level 2 spell: Repel Missiles
  1160 | D:2      | Reached skill level 4 in Long Blades
  1183 | D:3      | HP: 1/26 [orc priest/mace (7)]
  1190 | D:3      | Reached skill level 1 in Spellcasting
  1190 | D:3      | Reached XP level 4. HP: 8/31 MP: 6/6
  1803 | D:3      | Found a sparkling altar of Nemelex Xobeh.
  1937 | D:3      | Reached skill level 5 in Long Blades
  2318 | D:3      | Reached XP level 5. HP: 36/36 MP: 7/7
  2748 | D:3      | You fall through a shaft for 3 floors!
  2748 | D:6      | Noticed an ogre
  2771 | D:6      | Slain by an ogre

Vault maps used:
D:1:      minmay_arrival_widening_spiral_narrow, feat_on_display
D:2:      kennysheep_another_room, hex_tiny, grunt_gozag_breadcrumbs
D:3:      lemuel_round_altar
D:6:      serial_glass, glass_columns_a, glass_columns_a, grunt_ministairs_15,
          uniq_grinder

Skill      XL: |  1  2  3  4 |
---------------+-------------+-----
Long Blades    | 3 4 5 |  5.6
Armour         | 3 |  3.1
Spellcasting   | 1 |  1.2
Fighting       | |  3.4
Dodging        | |  0.4
Shields        | |  2.6
Air Magic      | |  0.8

Action                   |  1- 3 |  4- 6 || total
-------------------------+-------+-------++-------
Melee: Long sword        |    99 |   103 ||   202
  Use: Potion            |     5 |     1 ||     6
       Scroll            |       |     4 ||     4
  Eat: Chunk             |     1 |     5 ||     6
Armor: Scale mail        |    32 |    40 ||    72
       Chain mail        |     5 |       ||     5
Dodge: Dodged            |    24 |    32 ||    56
Block: Shield            |    59 |    55 ||   114
       Rpst.: Long sword |     7 |     7 ||    14
